 Dungeon Crawl Stone Soup version 0.30-a0-930-gb9d0489357 (webtiles) character file.

Game seed: 4104063755089201460

571 Zdeegee the Shield-Bearer (level 7, -1/61 HPs)
             Began as a Formicid Fighter on Mar 24, 2023.
             Succumbed to a gnoll sergeant's poison
             ... on level 5 of the Dungeon.
             The game lasted 00:06:32 (4324 turns).

Zdeegee the Shield-Bearer (Formicid Fighter)        Turns: 4324, Time: 00:06:33

Health: -1/61      AC:  9    Str: 22    XL:     7   Next: 60%
Magic:  8/8        EV:  7    Int:  8    God:
Gold:   272        SH:  5    Dex: 13    Spells: 6/6 levels left

rFire   . . .      SeeInvis +    f - +2 spear (vamp)
rCold   . . .      Faith    .    c - +0 buckler
rNeg    . . .      Spirit   .    r - +0 chain mail
rPois   .          Reflect  .    (helmet unavailable)
rElec   .          Rampage  .    (no cloak)
rCorr   .                        (no gloves)
Will    .....                    (no boots) Stlth
                                 (no amulet)
HPRegen 0.30/turn                (no ring)
MPRegen 0.11/turn                (no ring)

@: lethally poisoned (-1 -> -38)
A: permanent stasis, dig shafts and tunnels, antennae 3, four strong arms,
robust 1
a: Dig, Shaft Self


You were on level 5 of the Dungeon.
You visited 1 branch of the dungeon, and saw 5 of its levels.

You collected 272 gold pieces.

Inventory:

Hand Weapons
 a - a +0 war axe
 f - a +2 vampiric spear (weapon)
Armour
 b - a +0 scale mail
 c - a +0 buckler (worn)
 p - a +0 plate armour
 r - a +0 chain mail (worn)
Scrolls
 g - a scroll of brand weapon {unknown}
 h - a scroll of silence {unknown}
 i - a scroll of magic mapping {unknown}
 j - 2 scrolls of fear {unknown}
 k - 2 scrolls of fog {unknown}
 l - a scroll of teleportation {unknown}
 s - a scroll of torment {unknown}
Potions
 d - a potion of might
 e - a potion of mutation
 m - a potion of ambrosia
 n - a potion of berserk rage
 q - a potion of magic {unknown}
 t - 2 potions of heal wounds
 u - a potion of curing {unknown}


   Skills:
 * Level 5.0 Fighting
 + Level 2.2(2.8) Axes
 + Level 2.4(2.9) Polearms
 * Level 2.1 Ranged Weapons
 * Level 4.8 Armour
 + Level 0.2 Dodging
 + Level 0.2 Stealth
 * Level 5.7 Shields
 * Level 2.1 Invocations
 * Level 2.1 Evocations


You had 6 spell levels left.
You didn't know any spells.
Your spell library was empty.

Dungeon Overview and Level Annotations

Branches:
Dungeon (5/15)
 Temple: D:4-7

Altars:


Innate Abilities, Weirdness & Mutations

You cannot be hasted, slowed, berserked, paralysed or teleported.
You can dig through walls and to a lower floor.
You have a pair of large antennae on your head. (SInv)
Your four strong arms can wield two-handed weapons with a shield.
You are robust. (+10% HP)


Message History

Unknown command.
No target in view!
The gnoll sergeant barely misses you.
Things that are here:
a +0 flail; an orc corpse You hit the gnoll sergeant but do no damage.
The gnoll sergeant barely misses you.
You hit the gnoll sergeant but do no damage.
You block the gnoll sergeant's attack.
You completely miss the gnoll sergeant. The gnoll sergeant misses you.
Unknown command.
You barely miss the gnoll sergeant.
The gnoll sergeant hits you but does no damage.
You are poisoned.
Unknown command.
You barely miss the gnoll sergeant.
You feel sick.
The gnoll sergeant hits you with a +1 spear of venom.
You are more poisoned.
Unknown command.
You barely miss the gnoll sergeant.
You feel very sick.
The gnoll sergeant hits you with a +1 spear of venom!
You are more poisoned.
Unknown command.
You hit the gnoll sergeant but do no damage.
You feel extremely sick.
The gnoll sergeant hits you with a +1 spear of venom!
You are more poisoned.
Unknown command.
You are too injured to fight recklessly!
Unknown command.
Unknown command.
You are too injured to fight recklessly!
The gnoll sergeant attacks as you move away!
The gnoll sergeant hits you with a +1 spear of venom.
* * * LOW HITPOINT WARNING * * *
You are more poisoned.
* * * LOW HITPOINT WARNING * * *
You feel extremely sick.
You die...

#..#..#......#
#..#..#......#
#............#
#.....#.....##
#...........#
#...#.#.....#
#.....#.....#
#.#g#.#.#####
#....@#.#
.........#.#
#.#####.#.#.#
#....#.#
....### .#....
# ####.


You could see a gnoll sergeant.

Vanquished Creatures
  2 ogres
  A phantom (D:3)
  A scorpion (D:5)
  2 orc priests
  A sleepcap (D:4)
  An orc wizard (D:4)
  6 gnolls (D:4)
  5 dart slugs
  6 orcs
  4 ball pythons
  7 bats
  10 endoplasms
  5 giant cockroaches
  9 goblins
  7 hobgoblins
  2 jackals (D:1)
  4 quokkas
  4 frilled lizards
  4 kobolds
  5 rats (D:1)
  A spectral kobold (D:1)
87 creatures vanquished.

Notes
Turn   | Place    | Note
-------+----------+-------------------------------------------
     0 | D:1      | Zdeegee the Formicid Fighter began the quest for the Orb.
     0 | D:1      | Reached XP level 1. HP: 18/18 MP: 1/1
    94 | D:1      | Reached XP level 2. HP: 24/24 MP: 2/2
   332 | D:1      | Reached XP level 3. HP: 29/29 MP: 3/3
   350 | D:1      | Found a faded altar of an unknown god.
   952 | D:2      | Reached XP level 4. HP: 36/36 MP: 4/4
  1856 | D:3      | Reached skill level 1 in Ranged Weapons
  2034 | D:3      | Noticed a phantom
  2054 | D:3      | Killed a phantom
  2055 | D:3      | Reached skill level 1 in Polearms
  2055 | D:3      | Reached skill level 5 in Shields
  2055 | D:3      | Reached skill level 1 in Invocations
  2055 | D:3      | Reached skill level 1 in Evocations
  2055 | D:3      | Reached XP level 5. HP: 31/42 MP: 5/5
  2413 | D:4      | Noticed an ogre
  2425 | D:4      | Killed an ogre
  2426 | D:4      | Reached XP level 6. HP: 47/48 MP: 5/7
  3070 | D:5      | Entered Level 5 of the Dungeon
  3083 | D:5      | Noticed an ogre
  3093 | D:5      | Gained mutation: Your spells are a little harder to cast,
                  | but a little more powerful. [potion of mutation]
  3093 | D:5      | Gained mutation: You are clumsy. (Dex -2) [potion of
                  | mutation]
  3093 | D:5      | Gained mutation: You are vulnerable to heat. (rF-) [potion
                  | of mutation]
  3095 | D:5      | Killed an ogre
  3096 | D:5      | Reached XP level 7. HP: 12/55 MP: 8/8
  3096 | D:5      | Lost mutation: You are clumsy. (Dex -2) [potion of
                  | mutation]
  3096 | D:5      | Lost mutation: Your spells are a little harder to cast, but
                  | a little more powerful. [potion of mutation]
  3096 | D:5      | Lost mutation: You are vulnerable to heat. (rF-) [potion of
                  | mutation]
  3096 | D:5      | Gained mutation: You are robust. (+10% HP) [potion of
                  | mutation]
  4175 | D:4      | Reached skill level 5 in Fighting
  4324 | D:5      | Succumbed to a gnoll sergeant's poison

Illustrated notes

Levels and vault maps discovered:
D:1:      minmay_arrival_checkered_box, layout_basic,
          dreamdust_ecumenical_altar_drowned_temple, st_stairs_12,
          grunt_decor_one_mirror
D:2:      layout_loops_cross, dk_noncrumbling_2, minmay_misc_feat_ornament
D:3:      layout_loops_ring, hangedman_decor_peaks_small, wad_orctagon
D:4:      layout_rooms
D:5:      layout_basic, makhleb_blood_cavern_becter, uniq_eustachio

Skill      XL: |  1  2  3  4  5  6  7 |
---------------+----------------------+-----
Ranged Weapons | 1 2 |  2.1
Polearms       | 1 2 |  2.4
Armour         | 4 |  4.8
Shields        | 5 |  5.7
Invocations    | 1 2 |  2.1
Evocations     | 1 2 |  2.1
Fighting       | 4 5 |  5.0
Axes           | |  2.2
Dodging        | |  0.2
Stealth        | |  0.2

Action                     |  1- 3 |  4- 6 |  7- 9 || total
---------------------------+-------+-------+-------++-------
  Melee: War axe           |    17 |       |       ||    17
         Spear             |    71 |   184 |    81 ||   336
Ability: Dig               |       |     4 |       ||     4
    Use: Potion            |       |     1 |     2 ||     3
         Scroll            |       |       |     2 ||     2
 Armour: Scale mail        |    26 |     8 |       ||    34
         Chain mail        |       |    56 |    32 ||    88
  Dodge: Dodged            |    21 |    42 |    21 ||    84
  Block: Buckler           |    14 |    25 |    22 ||    61

Table legend: (Time is in decaauts)
 A = Elapsed time spent in this place.
 B = Non-inter-level travel time spent in this place.
 C = Inter-level travel time spent in this place.
 D = Time resting spent in this place.
 E = Time spent auto-exploring this place.
 F = Levels seen in this place.
 G = Mean time per level.
                   A        B        C        D        E       F      G
               +--------+--------+--------+--------+--------+-----+--------+
         Total |   4358 |   4153 |    205 |   1035 |   2363 |   5 |  871.6 |
       Dungeon |   4358 |   4153 |    205 |   1035 |   2363 |   5 |  871.6 |
               +--------+--------+--------+--------+--------+-----+--------+

Top non-repeatable levels by time:
     D:4: 1517 daAuts
     D:1: 932 daAuts
     D:3: 792 daAuts
     D:2: 697 daAuts
     D:5: 418 daAuts
